 Dungeon Crawl Stone Soup version 0.31.0-11-ge490571c62 (webtiles) character file.

Game seed: 2522555519715263292

3 qw the Shooter (level 1, -1/10 HPs)
             Began as a Spriggan Hunter on Feb 5, 2024.
             Slain by a hobgoblin (4 damage)
             ... on level 1 of the Dungeon.
             The game lasted 00:00:00 (64 turns).

qw the Shooter (Spriggan Hunter)                      Turns: 64, Time: 00:00:00

Health: -1/10      AC:  2    Str:  7    XL:     1   Next: 41%
Magic:  2/2        EV: 18    Int: 10    God:
Gold:   10         SH:  0    Dex: 18    Spells: 0/0 levels left

rFire   . . .        a - +0 shortbow
rCold   . . .        (shield currently unavailable)
rNeg    . . .        c - +0 robe
rPois   .            (helmet restricted)
rElec   .            (no cloak)
rCorr   .            (gloves unavailable)
SInv    +            (boots unavailable)
Will    .....        (no amulet)
Stlth   ++           (no ring)
HPRegen 0.21/turn    (no ring)
MPRegen 0.08/turn

%: no passive effects
@: very quick
A: very small, no large weapons, unfitting armour, see invisible, speed 3
a: no special abilities


You were on level 1 of the Dungeon.
You visited 1 branch of the dungeon, and saw 1 of its levels.

You collected 10 gold pieces.


Innate Abilities, Weirdness & Mutations

You are very small and have problems with some larger weapons.
You are too small for most types of armour.
You have supernaturally acute eyesight. (SInv)
You cover ground extremely quickly. (Speed+++)


   Skills:
 - Level 1.5 Fighting
 - Level 4.0 Ranged Weapons
 + Level 3.1 Dodging
 - Level 1.5 Stealth


You couldn't memorise any spells.
You didn't know any spells.
Your spell library was empty.

Inventory:

Hand Weapons
 a - a +0 shortbow (weapon)
Armour
 c - a +0 robe (worn)
Scrolls
 b - a scroll of butterflies
 d - a scroll of enchant armour {unknown}
Potions
 e - a potion of heal wounds {unknown}

Dungeon Overview and Level Annotations

Branches:
Dungeon (1/15)

Altars:


Message History

You shoot an arrow. The arrow closely misses the bat.
The bat barely misses you. x2
You shoot an arrow. The arrow hits the bat.
You kill the bat!
You start resting.
HP restored.
You see here a bat corpse.
Found a rapier, 4 stones and 6 curare-tipped darts.
e - a brown potion You see here a +0 rapier.
A goblin comes into view. It is wielding a +0 dagger.
Found a dagger.
You shoot an arrow.
The arrow hits the goblin but does no damage.
The goblin shouts!
You hear a loud squeak.
You shoot an arrow. The arrow closely misses the goblin.
You shoot an arrow. The arrow barely misses the goblin.
You hear a loud squeak.
A rat comes into view.
The goblin barely misses you.
You shoot an arrow. The arrow completely misses the goblin.
The goblin hits you with a +0 dagger.
A hobgoblin comes into view.
The goblin closely misses you.
You shoot an arrow. The arrow misses the goblin.
The hobgoblin shouts!
The goblin hits you with a +0 dagger.
You shoot an arrow. The arrow barely misses the goblin.
The arrow closely misses the rat.
The goblin hits you with a +0 dagger.
You shoot an arrow. The arrow hits the goblin!
You kill the goblin!
A dart slug comes into view.
Your Dodging skill increases to level 3!
You shoot an arrow. The arrow hits the rat.
You kill the rat!
You shoot an arrow. The arrow barely misses the hobgoblin.
The hobgoblin hits you.
You die...

. w) #.# ..
#####.#
#..@g.#
#.##### #.#
#.#
####.#######..
#.............
#.....#######.
# #.....#
.####.....#


You could see a dart slug and a hobgoblin.

Vanquished Creatures
  A bat (D:1)
  A goblin (D:1)
  A rat (D:1)
3 creatures vanquished.

Notes
Turn   | Place    | Note
-------+----------+-------------------------------------------
     0 | D:1      | qw the Spriggan Hunter began the quest for the Orb.
     0 | D:1      | Reached XP level 1. HP: 10/10 MP: 2/2
     0 | D:1      | 0 ||| qw: Version: 0.3-a-160-g6735b56
     0 | D:1      | 0 ||| qw: Game counter: 6248
     0 | D:1      | 0 ||| qw: Melee chars always use a shield: true
     0 | D:1      | 0 ||| qw: God list: Okawaru
     0 | D:1      | 0 ||| qw: Allow faded altars: false
     0 | D:1      | 0 ||| qw: Do Orc after clearing Dungeon:15 true
     0 | D:1      | 0 ||| qw: Do second Lair branch before Depths: true
     0 | D:1      | 0 ||| qw: Lair rune preference: random
     0 | D:1      | 0 ||| qw: Goals: Normal
     0 | D:1      | 0 ||| PLANNING D:1-11
    61 | D:1      | HP: 2/10 [goblin/+0 dagger (1)]
    63 | D:1      | Reached skill level 3 in Dodging
    64 | D:1      | Slain by a hobgoblin

Levels and vault maps discovered:
D:1:      shiori_arrival_maze, layout_basic, grunt_decor_clamped

Skill      XL: |  1 |
---------------+----+-----
Dodging        | 3 |  3.1
Fighting       | |  1.5
Ranged Weapons | |  4.0
Stealth        | |  1.5

Action                     || total
---------------------------++-------
   Fire: Shortbow          ||    13
 Armour: Robe              ||     5
  Dodge: Dodged            ||     4

Table legend:
 A = Non-vault XP
 B = Vault XP
 C = Vault XP percentage of total XP
 D = Non-vault monster count
 E = Vault monster count
 F = Vault count percentage of total count
                 A         B        C        D         E       F
            +---------+---------+-------+---------+---------+-------
      Total |       5 |       0 |   0.0 |       3 |       0 |   0.0
            +---------+---------+-------+---------+---------+-------
        D:1 |       5 |       0 |   0.0 |       3 |       0 |   0.0
            +---------+---------+-------+---------+---------+-------
